 Dungeon Crawl Stone Soup version 0.26-a0-1139-g7d2dc893a1 (webtiles) character file.

Game seed: 5933664568593230931

318 LufLufFighter the Changer (level 6, 0/48 HPs)
             Began as a Merfolk Transmuter on Dec 21, 2020.
             Succumbed to an adder's poison
             ... on level 4 of the Dungeon.
             The game lasted 00:06:36 (7044 turns).

LufLufFighter the Changer (Merfolk Transmuter)      Turns: 7044, Time: 00:06:36

Health: 0/48       AC:  2    Str: 12    XL:     6   Next: 45%
Magic:  9/11       EV: 36    Int: 13    God:
Gold:   589        SH:  0    Dex: 19    Spells: 1/11 levels left

rFire    . . .     SeeInvis .     - Unarmed
rCold    . . .     Faith    .   (shield currently unavailable)
rNeg     . . .     Spirit   .   (armour currently unavailable)
rPois    x         Reflect  .   (helmet currently unavailable)
rElec    .         Harm     .   (cloak currently unavailable)
rCorr    .         Rampage  .   (gloves currently unavailable)
Will     .....                  (boots currently unavailable)
Stlth    ++........             k - amulet of the acrobat
HPRegen  0.16/turn              (no ring)
MPRegen  0.12/turn              (no ring)

@: lethally poisoned (0 -> -5), spider-form (expiring), acrobat, studying
Fighting
A: tiny, (change form in water), (swift swim), (stealthy swim)
a: End Transformation


You were on level 4 of the Dungeon.
You were a venomous arachnid creature.
You visited 1 branch of the dungeon, and saw 4 of its levels.

You collected 589 gold pieces.

Inventory:

Armour
 a - a +0 robe (melded)
 s - a +0 pair of gloves (melded)
Jewellery
 k - an amulet of the acrobat (around neck)
Wands
 o - a wand of random effects (26)
 u - a wand of flame (10)
Scrolls
 b - 3 scrolls of enchant armour {unknown}
 c - 6 scrolls of remove curse {unknown}
 d - 5 scrolls of teleportation {unknown}
 e - a scroll of identify {unknown}
 h - 3 scrolls of immolation {unknown}
 i - 2 scrolls of fog {unknown}
 m - 2 scrolls of amnesia {unknown}
 n - a scroll of noise {unknown}
Potions
 f - 2 potions of degeneration {unknown}
 g - a potion of invisibility {unknown}
 j - 3 potions of curing {unknown}
 l - a potion of ambrosia {unknown}
 p - a potion of flight {unknown}
 q - a potion of might {unknown}
 r - a potion of haste {unknown}
 v - a potion of berserk rage {unknown}
 w - a potion of brilliance {unknown}
Books
 t - a manual of Fighting


   Skills:
 * Level 4.1 Fighting
 - Level 2.6 Dodging
 - Level 3.2 Unarmed Combat
 * Level 3.3 Spellcasting
 * Level 5.0 Transmutations
 * Level 1.4 Ice Magic
 * Level 2.6 Poison Magic


You had one spell level left.
You knew the following spells:

 Your Spells              Type           Power        Failure   Level
a - Beastly Appendage     Tmut           30%          10%         1
b - Wereblood             Tmut           15%          13%         2
c - Spider Form           Tmut/Pois      6%           32%         3
d - Ice Form              Ice/Tmut       10%          73%         4

Your spell library contained the following spells:

 Spells                   Type           Power        Failure   Level
 Blade Hands              Tmut           7%           80%         5


Dungeon Overview and Level Annotations

Branches:
Dungeon (4/15)
 Temple: D:4-7

Altars:
Xom
The Shining One

Annotations:
D:3 1 runed translucent door, Firebatgyro's ghost, amateur HOBe


Message History

The orc priest looks satisfied for a moment.
You feel sick. The adder barely misses you.
You closely miss the adder.
Your transformation is almost over.
You feel sick. The adder completely misses you.
You closely miss the adder.
You feel sick. The adder closely misses you.
You feel sick.
You feel sick. The adder completely misses you.
You feel sick.
You feel sick.
There is a stone staircase leading down here.
The orc priest calls down the wrath of Beogh upon you.
Beogh smites you!
* * * LOW HITPOINT WARNING * * *
The adder completely misses you.
* * * LOW HITPOINT WARNING * * *
You feel sick.
Things that are here:
a cursed -1 club; a +0 leather armour You die...

.....# #..##.##...# # >....#
###..#.#.....#######
.....#########..>..#.)...........
...............##.#..<...........
....#############......##########
..#..................############
#.###..............#.............
### #...........#....###########.
.## #.........S)s..### #.
..###..........###<# #.
..[.##....##.>.# #.# #.
..o..##.#..lo### #.# #.
..##..o..o##.#####.#############.
.###.###.###..##.................
##.#........#.##......###########
#...###..##.#.......###
..#.##...##.........#


You could see an orc priest, an adder, an orc and a frilled lizard.

Vanquished Creatures
  A jelly (D:4)
  Ijyb (D:4)
  2 worker ants (D:4)
  A hound skeleton (D:4)
  6 adders
  A white imp (D:4)
  2 oozes
  2 adder skeletons (D:4)
  2 worms
  3 dart slugs (D:1)
  5 leopard geckos
  11 orcs
  6 bats
  8 giant cockroaches
  7 goblins
  8 hobgoblins
  6 jackals
  3 quokkas
  2 ball pythons
  4 frilled lizards
  3 goblin skeletons (D:4)
  2 hobgoblin zombies (D:4)
  7 kobolds
  A kobold zombie (D:4)
  A leopard gecko skeleton (D:4)
  A leopard gecko zombie (D:4)
  An orc skeleton (D:4)
  An orc zombie (D:4)
  9 rats
107 creatures vanquished.

Vanquished Creatures (others)
  2 withered plants (D:3)
2 creatures vanquished.

Grand Total: 109 creatures vanquished

Notes
Turn   | Place    | Note
-------+----------+-------------------------------------------
     0 | D:1      | LufLufFighter the Merfolk Transmuter began the quest for
                  | the Orb.
     0 | D:1      | Reached XP level 1. HP: 15/15 MP: 3/3
    76 | D:1      | Reached skill level 3 in Transmutations
    76 | D:1      | Reached XP level 2. HP: 20/21 MP: 3/5
   401 | D:1      | Learned a level 2 spell: Wereblood
  1147 | D:1      | Reached XP level 3. HP: 7/27 MP: 4/6
  1151 | D:1      | Learned a level 3 spell: Spider Form
  1952 | D:2      | Found a shimmering altar of Xom.
  3053 | D:2      | Found a faded altar of an unknown god.
  3235 | D:3      | Reached skill level 1 in Poison Magic
  3235 | D:3      | Reached XP level 4. HP: 21/34 MP: 3/7
  3942 | D:3      | Reached skill level 4 in Transmutations
  4106 | D:3      | Found a runed translucent door.
  4106 | D:3      | Noticed Firebatgyro's ghost (amateur HOBe)
  5403 | D:4      | Reached XP level 5. HP: 31/40 MP: 9/9
  5751 | D:4      | Learned a level 4 spell: Ice Form
  5976 | D:4      | Noticed Ijyb
  6291 | D:4      | Killed Ijyb
  6292 | D:4      | Reached skill level 1 in Ice Magic
  6292 | D:4      | Reached XP level 6. HP: 39/48 MP: 7/10
  6457 | D:4      | Found a glowing golden altar of the Shining One.
  6788 | D:4      | Reached skill level 5 in Transmutations
  7042 | D:4      | HP: 2/48 [orc priest/divine providence (11)]
  7044 | D:4      | Succumbed to an adder's poison

Illustrated notes

Levels and vault maps discovered:
D:1:      wheals_arrival_shading, layout_loops_ring, minmay_tromino_v7
D:2:      layout_basic, xom_teletrap_fun, chequers_ecumenical_altar_lobes
D:3:      layout_rooms, gammafunk_ghost_grave, grunt_ministairs_12,
          chequers_serial_rivers_micro_b
D:4:      minmay_polygon_palace, layout_rooms, nicolae_tso_besieged_by_evil,
          minmay_manual_mess, uniq_ijyb

Skill      XL: |  1  2  3  4  5  6 |
---------------+-------------------+-----
Transmutations | 3 4 5 |  5.0
Fighting       | 2 3 4 |  4.1
Poison Magic   | 1 2 |  2.6
Spellcasting   | 3 |  3.3
Ice Magic      | 1 |  1.4
Dodging        | |  2.6
Unarmed Combat | |  3.2

Action                   |  1- 3 |  4- 6 || total
-------------------------+-------+-------++-------
Melee: Unarmed           |   147 |   215 ||   362
       Headbutt          |    22 |    10 ||    32
       Punch             |     2 |     1 ||     3
 Cast: Beastly Appendage |    35 |    22 ||    57
       Spider Form       |     1 |    14 ||    15
 Stab: Sleeping          |     2 |       ||     2
       Distracted        |     1 |       ||     1
Armor: Robe              |    43 |    27 ||    70
       Skin              |       |     4 ||     4
Dodge: Dodged            |   124 |   197 ||   321

Table legend: (Time is in decaauts)
 A = Elapsed time spent in this place.
 B = Non-inter-level travel time spent in this place.
 C = Inter-level travel time spent in this place.
 D = Time resting spent in this place.
 E = Time spent auto-exploring this place.
 F = Levels seen in this place.
 G = Mean time per level.
                   A        B        C        D        E       F      G
               +--------+--------+--------+--------+--------+-----+--------+
         Total |   7031 |   6678 |    353 |   1774 |   3927 |   4 | 1757.8 |
       Dungeon |   7031 |   6678 |    353 |   1774 |   3927 |   4 | 1757.8 |
               +--------+--------+--------+--------+--------+-----+--------+

Top non-repeatable levels by time:
     D:2: 3042 daAuts
     D:3: 1550 daAuts
     D:4: 1377 daAuts
     D:1: 1060 daAuts
